 Dungeon Crawl Stone Soup version 0.25-a0-577-ga4619f409e (webtiles) character file.

Game seed: 9606296868196043613, levelgen mode: deterministic

2921 Flugslaktarn the Cleaver (level 9, -5/123 HPs)
             Began as a Deep Dwarf Fighter on Mar 2, 2020.
             Was an Initiate of Gozag.
             Slain by a 17-headed hydra (9 damage)
             ... on level 7 of the Dungeon.
             The game lasted 00:03:42 (4014 turns).

Flugslaktarn the Cleaver (Deep Dwarf Fighter)       Turns: 4014, Time: 00:03:42

Health: -5/123     AC: 24    Str: 22    XL:     9   Next: 50%
Magic:  3/3        EV:  2    Int: 10    God:    Gozag
Gold:   570        SH: 11    Dex: 12    Spells: 8/8 levels left

rFire    . . .     SeeInvis .   h - +4 hand axe (pain)
rCold    . . .     Gourm    .   c - +0 kite shield
rNeg     + + +     Faith    .   (armour currently unavailable)
rPois    +         Spirit   .   (helmet currently unavailable)
rElec    .         Reflect  .   (cloak currently unavailable)
rCorr    .         Harm     .   (gloves currently unavailable)
MR       +....     NoTele   +   (boots currently unavailable)
Stlth    +.........             (no amulet)
HPRegen  0.00/turn              (no ring)
MPRegen  0.08/turn              (no ring)

@: mighty, tree-form, non-regenerating
A: damage resistance, heal wounds, sense surroundings 2, no regeneration
a: Heal Wounds, Potion Petition, Call Merchant, Bribe Branch, Renounce Religion


You were on level 7 of the Dungeon.
You worshipped Gozag.
Gozag was pleased with you.
You were not hungry.
You were a tree.
You visited 1 branch of the dungeon, and saw 8 of its levels.

You collected 1081 gold pieces.
You paid 511 gold pieces to Gozag.

Inventory:

Hand Weapons
 a - a +0 war axe
 h - a +4 hand axe of pain (weapon)
   (You took it off an orc priest on level 6 of the Dungeon)
Missiles
 v - 2 throwing nets (quivered)
Armour
 b - a +0 scale mail
 c - a +0 kite shield (worn)
 j - a +0 chain mail
   (You took it off an orc on level 3 of the Dungeon)
 m - a +0 plate armour (melded)
   (You found it on level 4 of the Dungeon)
 o - a +2 helmet (melded)
   (You found it on level 4 of the Dungeon)
Jewellery
 g - an uncursed ring of magical power {unknown}
   (You found it on level 1 of the Dungeon)
Wands
 i - a wand of flame (14)
   (You found it on level 7 of the Dungeon)
Scrolls
 k - a scroll of fog
 t - a scroll of teleportation
 x - 3 scrolls of remove curse
Potions
 d - a potion of might
 f - 4 potions of curing
 l - 2 potions of flight
 p - a potion of degeneration {unknown}
 q - 3 potions of stabbing
 w - a potion of magic {unknown}
Comestibles
 e - 5 rations


   Skills:
 + Level 6.0 Fighting
 * Level 9.4 Axes
 + Level 7.2 Armour
 + Level 7.2 Shields
 + Level 0.0 Evocations


You had 8 spell levels left.
You didn't know any spells.
Your spell library was empty.

Dungeon Overview and Level Annotations

Branches:
Dungeon (8/15)             Temple (0/1) D:4
   Lair: D:8-11

Altars:
Cheibriados
Dithmenos
Gozag
Nemelex Xobeh
Qazlal
Yredelemnul

Shops:
D:7 (


Innate Abilities, Weirdness & Mutations

You are resistant to damage.
You can heal yourself by infusing magical energy.
You passively map the area around you.
You do not regenerate.


Message History

You block the 16-headed hydra's attack.
The 16-headed hydra bites you but does no damage. x3
The 16-headed hydra bites you.
The 16-headed hydra bites you but does no damage.
You block the 16-headed hydra's attack.
The 16-headed hydra bites you but does no damage.
The 16-headed hydra bites you.
The 16-headed hydra bites you but does no damage. x2
The 16-headed hydra bites you.
* * * LOW HITPOINT WARNING * * *
The 16-headed hydra bites you but does no damage.
You block the 16-headed hydra's attack. Something hits you but does no damage.
You hack one of the 16-headed hydra's heads off!
The 15-headed hydra grows two more!
You slice the 17-headed hydra!!
The 17-headed hydra is moderately wounded.
You miss something.
The 17-headed hydra bites you but does no damage. x3
The 17-headed hydra bites you. The 17-headed hydra bites you!
You die...
Your body crumbles into a pile of gold.

*>,,,,,,,,,,,**,,,*,.............
,,,,,,,,,,,*,............Y......(
*,,,,,,,,#,**#.....%.......Y..#.#
***,,,,,,..###..,.......#...#...#
**,,,,,,*....#..*#...#..###.##..!
..,.#,*,,,......##.#.#....p.D.#..
..,.#,******#...S....#.####$#.#.#
,.#.#,* #.#..{.#....##.$#...#
*...*,*######...♣D....∩........$.
##.(,,*#..........##.............
...#***#.........................
#..## #<.$$#...#...#...#........
#.>.# #.$.#?#...#)#...#.#.......
#.#D####.$#$..#...#...#...#......
#.#OhS.#.........................
..##h.......#...#...#...#........
.#*#.<.....#(#...#.#...#.#.......


You could see a 17-headed hydra and an adder.

Vanquished Creatures
  Pikel (D:7)
  Grinder (D:5)
  Prince Ribbit (D:6)
  A hungry ghost (D:7)
  An orc warrior (D:6)
  3 slaves (D:7)
  A sky beast (D:6)
  2 black bears (D:7)
  2 ogres
  A phantom (D:7)
  3 bullfrogs
  A scorpion (D:4)
  5 killer bees (D:7)
  A wight (D:6)
  A howler monkey (D:7)
  2 crimson imps
  A bullfrog zombie (D:7)
  A jelly (D:5)
  An orc priest (D:6)
  2 hounds (D:7)
  Terence (D:2)
  4 worker ants
  5 orc wizards (D:6)
  A hound zombie (D:6)
  A hound skeleton (D:6)
  8 river rats (D:6)
  7 adders
  4 gnolls
  3 shadow imps
  An adder skeleton (D:7)
  4 worms
  4 leopard geckos
  18 orcs
  7 giant cockroaches
  9 goblins
  3 hobgoblins (D:2)
  12 quokkas
  7 bats
  7 kobolds
  2 quokka zombies (D:7)
  22 rats
  A spectral orc (D:2)
163 creatures vanquished.

Notes
Turn   | Place    | Note
-------+----------+-------------------------------------------
     0 | D:1      | Flugslaktarn the Deep Dwarf Fighter began the quest for the
                  | Orb.
     0 | D:1      | Reached XP level 1. HP: 20/20 MP: 1/1
   177 | D:1      | Reached XP level 2. HP: 25/27 MP: 2/2
   336 | D:2      | Found an opulent altar of Gozag.
   358 | D:2      | Reached skill level 3 in Axes
   363 | D:2      | Reached XP level 3. HP: 28/34 MP: 3/3
   388 | D:2      | Became a worshipper of Gozag Ym Sagoz the Greedy
   610 | D:2      | Noticed Terence
   627 | D:2      | Killed Terence
   627 | D:2      | Reached XP level 4. HP: 24/42 MP: 4/4
   670 | D:2      | Found a basalt altar of Yredelemnul.
   856 | D:4      | Found a snail-covered altar of Cheibriados.
  1166 | D:4      | Reached skill level 4 in Axes
  1166 | D:4      | Reached XP level 5. HP: 28/49 MP: 4/4
  1347 | D:4      | Noticed an ogre
  1362 | D:4      | Killed an ogre
  1420 | D:4      | Reached XP level 6. HP: 49/56 MP: 4/4
  1445 | D:4      | Found a staircase to the Ecumenical Temple.
  1533 | D:5      | Entered Level 5 of the Dungeon
  1549 | D:5      | Found a shadowy altar of Dithmenos.
  1594 | D:5      | Found a sparkling altar of Nemelex Xobeh.
  1594 | D:5      | Noticed Grinder
  1603 | D:5      | Killed Grinder
  1603 | D:5      | Reached skill level 5 in Axes
  1618 | D:5      | Reached XP level 7. HP: 59/64 MP: 5/5
  1904 | D:5      | Reached skill level 5 in Armour
  1904 | D:5      | Reached skill level 5 in Shields
  2233 | D:5      | Found a stormy altar of Qazlal.
  2518 | D:6      | Reached skill level 6 in Axes
  2943 | D:6      | Reached XP level 8. HP: 36/73 MP: 6/6
  2993 | D:6      | Noticed Prince Ribbit
  3045 | D:6      | Reached skill level 7 in Axes
  3114 | D:6      | Killed Prince Ribbit
  3268 | D:6      | Reached skill level 5 in Fighting
  3673 | D:7      | Reached skill level 8 in Axes
  3682 | D:7      | Noticed a six-headed hydra
  3773 | D:7      | Gained mutation: You passively map the area around you.
                  | [Deep Dwarf growth]
  3773 | D:7      | Reached XP level 9. HP: 54/81 MP: 5/5
  3813 | D:7      | Noticed Pikel
  3953 | D:7      | Killed Pikel
  3953 | D:7      | Reached skill level 9 in Axes
  4011 | D:7      | HP: 6/123 [15-headed hydra (2)]
  4014 | D:7      | Slain by a 17-headed hydra

Levels and vault maps discovered:
D:1:      noname_arrival_rooms_in_the_neighbourhood, layout_loops_ring,
          chequers_big_river, minmay_heptomino_o4
D:2:      layout_loops_ring, lemuel_doored_altar, nicolae_gozag_seed_capital,
          yredelemnul_forgotten_temple_becter, uniq_jessica, uniq_terence
D:3:      layout_loops_cross, makhleb_heckhound_becter, uniq_natasha
D:4:      layout_loops_ring, lemuel_temple_firewalk_b, st_stairs_7,
          lemuel_tele_altar
D:5:      layout_basic, nemelex_xobeh_ov_fountains_minmay,
          nicolae_dithmenos_shadow_blocks, kennysheep_little_box, first_ration,
          uniq_grinder
D:6:      lemuel_ratsnest, layout_basic, uniq_prince_ribbit1
D:7:      cheibrodos_fzero, layout_rooms, led_sif_pool, uniq_pikel
D:8:      layout_loops_cross, kennysheep_generic_room_4

Skill      XL: |  1  2  3  4  5  6  7  8  9 |
---------------+----------------------------+-----
Axes           | 3 4 5 6 8 9 |  9.4
Fighting       | 3 4 5 6 |  6.0
Armour         | 4 5 6 7 |  7.2
Shields        | 4 5 6 7 |  7.2

Action                   |  1- 3 |  4- 6 |  7- 9 || total
-------------------------+-------+-------+-------++-------
Melee: War axe           |   136 |   114 |   390 ||   640
       Hand axe          |       |       |   191 ||   191
Invok: Call Merchant     |       |       |     1 ||     1
 Abil: Heal Wounds       |     1 |     5 |    17 ||    23
Evoke: Wand              |       |       |     1 ||     1
  Use: Scroll            |       |       |    10 ||    10
       Potion            |       |       |     2 ||     2
 Stab: Distracted        |       |       |     1 ||     1
  Eat: Ration            |       |     1 |     4 ||     5
Armor: Scale mail        |    82 |     7 |       ||    89
       Chain mail        |       |    11 |       ||    11
       Plate armour      |       |    44 |   423 ||   467
       Skin              |       |       |    75 ||    75
Dodge: Dodged            |    56 |    12 |   109 ||   177
Block: Kite shield       |    88 |    44 |   410 ||   542

Table legend:
 A = Non-vault XP
 B = Vault XP
 C = Vault XP percentage of total XP
 D = Non-vault monster count
 E = Vault monster count
 F = Vault count percentage of total count
                 A         B        C        D         E       F
            +---------+---------+-------+---------+---------+-------
      Total |    2409 |    1765 |  42.3 |     111 |      49 |  30.6
            +---------+---------+-------+---------+---------+-------
        D:1 |      27 |       0 |   0.0 |      15 |       0 |   0.0
        D:2 |      53 |      37 |  41.1 |      23 |       2 |   8.0
        D:3 |      23 |       0 |   0.0 |       5 |       0 |   0.0
        D:4 |     235 |      13 |   5.2 |       9 |       1 |  10.0
        D:5 |     191 |     267 |  58.3 |      11 |       1 |   8.3
        D:6 |     979 |     500 |  33.8 |      33 |      34 |  50.7
        D:7 |     901 |     948 |  51.3 |      15 |      11 |  42.3
            +---------+---------+-------+---------+---------+-------
